 Dungeon Crawl Stone Soup version 0.20-a0-222-gb69ddcd (webtiles) character file.

681 patrickswayze the Covert (level 7, 0/36 HPs)
             Began as a Deep Elf Chaos Knight on Nov 30, 2016.
             Splashed by a jelly's acid (10 damage)
             ... on level 5 of the Dungeon.
             The game lasted 00:08:36 (6162 turns).

patrickswayze the Covert (Deep Elf Chaos Knight)    Turns: 6162, Time: 00:08:37

Health: 0/36       AC: -4    Str:  9    XL:     7   Next: 34%
Magic:  9/9        EV: 14    Int: 19    God:    Xom [.*....]
Gold:   274        SH:  0    Dex: 18    Spells: 6/6 levels left

rFire  . . .     SeeInvis .     a - +0 short sword (chaos)
rCold  + . .     Gourm    .     i - +0 robe {MR+}
rNeg   . . .     Faith    .     (no shield)
rPois  .         Spirit   .     (helmet restricted)
rElec  .         Reflect  .     (no cloak)
rCorr  .         Harm     .     g - +0 pair of gloves
MR     +....                    (no boots)
Stlth  +++++.....               j - amulet of magic regeneration
                                r - ring of stealth
                                u - +1 ring of evasion

@: corroded
A: antennae 1, talons 1, agile 1, blink, blurry vision 1, clever 1, cold
resistance 1, frail 1, screaming 1
a: Blink, Renounce Religion


You were on level 5 of the Dungeon.
You worshipped Xom.
You were a plaything of Xom.
You were hungry.

You visited 1 branch of the dungeon, and saw 5 of its levels.

You collected 274 gold pieces.


Innate Abilities, Weirdness & Mutations

You have a pair of small antennae on your head.
You have sharp toenails.
You are agile. (Dex +2)
You can translocate small distances at will.
Scrolls take you a little longer to read.
Your mind is acute. (Int +2)
Your flesh is cold resistant. (rC+)
You are frail. (-10% HP)
You occasionally shout uncontrollably at your foes.


   Skills:
 - Level 2.4 Fighting
 + Level 5.9 Short Blades
 - Level 0.7 Armour
 - Level 2.4 Dodging
 - Level 8.0 Stealth


You had 6 spell levels left.
You didn't know any spells.

Inventory:

Hand Weapons
 a - a +0 short sword of chaos (weapon)
Armour
 g - a +0 pair of gloves (worn)
 i - a +0 robe of magic resistance (worn)
Jewellery
 j - an amulet of magic regeneration (around neck)
 l - an uncursed ring of flight
 r - a ring of stealth (right hand)
 u - a +1 ring of evasion (left hand)
Wands
 p - a wand of heal wounds (4/9)
 t - a wand of teleportation (4/9)
Scrolls
 b - a scroll of teleportation
 d - a scroll of random uselessness {unknown}
 e - a scroll of remove curse
 h - a scroll of blinking {unknown}
 k - a scroll of recharging {unknown}
 n - a scroll of amnesia {unknown}
 o - 2 scrolls of fog {unknown}
 s - a scroll of magic mapping {unknown}
 x - a scroll of identify
Potions
 m - a potion of curing {unknown}
 q - a potion of brilliance
 v - a potion of magic {unknown}
Comestibles
 c - 2 bread rations
 f - 4 meat rations
 w - a slice of pizza


Message History

You see here 22 bolts.
You hit the jelly. You freeze the jelly.
Your hands burn!
Your kick misses the jelly.
The jelly is lightly wounded.
The jelly hits you but does no damage.
You hit the jelly but do no damage.
Your hands burn!
You claw the jelly, but do no damage.
The jelly is lightly wounded.
The jelly barely misses you.
You hit the jelly.
Your hands burn!
The jelly is moderately wounded.
The jelly hits you. The acid corrodes you!
You are splashed with acid!
The acid burns!
You hit the jelly but do no damage.
The jelly goes berserk!
Your hands burn!
The jelly is moderately wounded.
The jelly closely misses you. The jelly hits you. The acid corrodes you!
You are splashed with acid!
The acid burns!
You die...
Xom giggles madly!

.. ... #.###'## ......##
.....' ....# .. ... ..
#.# #. #J# ... #.######@#
#.# #........# #.#
#........# #.# #........#
#.#
#..).....############.###
###.####.#..........#.##.
#.## #.#..........#.##.
#..# #.#...............
##.###.#..........#.#..


You could see a jelly (berserk).

Vanquished Creatures
  Grinder (D:4)
  An ogre (D:4)
  A crimson imp (D:5)
  A gnoll shaman (D:3)
  A centaur skeleton (D:5)
  Jessica (D:3)
  An iguana (D:4)
  2 orc wizards (D:5)
  A worker ant (D:4)
  9 adders
  3 gnolls (D:4)
  An ooze (D:4)
  An adder skeleton (D:5)
  A dart slug (D:1)
  2 leopard geckos
  7 orcs
  A ball python (D:3)
  5 goblins
  7 hobgoblins
  2 quokkas
  5 bats
  6 frilled lizards
  5 kobolds
  A leopard gecko skeleton (D:4)
  A quokka skeleton (D:4)
  4 rats
71 creatures vanquished.

Vanquished Creatures (collateral kills)
  3 gnolls
  A giant cockroach (D:1)
  A goblin (D:3)
  A kobold (D:1)
6 creatures vanquished.

Grand Total: 77 creatures vanquished

Notes
Turn   | Place    | Note
-------+----------+-------------------------------------------
     0 | D:1      | patrickswayze the Deep Elf Chaos Knight began the quest for the Orb.
     0 | D:1      | Reached XP level 1. HP: 13/13 MP: 3/3
    32 | D:1      | XOM: butterfly on damage
    34 | D:1      | HP: 2/13 [kobold/short sword (3)]
   320 | D:1      | Reached skill level 1 in Stealth
   341 | D:1      | XOM: enchant monster (bad)
   362 | D:1      | Reached skill level 2 in Stealth
   362 | D:1      | Reached XP level 2. HP: 9/18 MP: 4/4
   584 | D:1      | XOM: god gift: ring mail {god gift}
   854 | D:1      | Reached skill level 3 in Stealth
  1389 | D:2      | XOM: butterfly on damage
  1393 | D:2      | HP: 3/18 [poisoned by an adder]
  1409 | D:2      | Reached XP level 3. HP: 8/22 MP: 5/5
  1663 | D:2      | Found a faded altar of an unknown god.
  1816 | D:2      | Reached skill level 4 in Stealth
  1839 | D:2      | HP: 6/33 [poisoned by an adder]
  1844 | D:2      | HP: 5/33 [poisoned by an adder]
  1851 | D:2      | HP: 1/22 [poisoned by an adder]
  1856 | D:2      | HP: 2/33 [poisoned by an adder]
  1980 | D:2      | XOM: give mutations
  1980 | D:2      | Gained mutation: You are weak. (Str -2) [Xom's mischief]
  1980 | D:2      | Gained mutation: You are frail. (-10% HP) [Xom's mischief]
  1980 | D:2      | Gained mutation: You have sharp toenails. [Xom's mischief]
  2001 | D:2      | XOM: give mutations
  2001 | D:2      | Gained mutation: You are agile. (Dex +2) [Xom's grace]
  2001 | D:2      | Lost mutation: You are weak. (Str -2) [Xom's grace]
  2001 | D:2      | Gained mutation: Your mind is acute. (Int +2) [Xom's grace]
  2377 | D:2      | XOM: god gift: 24 gold pieces
  2387 | D:2      | XOM: noise
  2549 | D:3      | XOM: medium Erth miscast
  2573 | D:3      | XOM: cast spell 'Summon Ice Beast'
  2580 | D:2      | XOM: butterfly on damage
  2810 | D:3      | XOM: god gift: 48 gold pieces
  2874 | D:3      | Noticed Jessica
  2879 | D:3      | Killed Jessica
  2879 | D:3      | Reached skill level 5 in Stealth
  2879 | D:3      | Reached XP level 4. HP: 19/24 MP: 6/6
  2936 | D:3      | XOM: give mutations
  2936 | D:3      | Gained mutation: Your flesh is cold resistant. (rC+) [Xom's grace]
  2936 | D:3      | Gained mutation: Your muscles are strong. (Str +2) [Xom's grace]
  2936 | D:3      | Gained mutation: You have a pair of small antennae on your head. [Xom's grace]
  2936 | D:3      | Gained mutation: You can translocate small distances at will. [Xom's grace]
  2952 | D:3      | XOM: give mutations
  2952 | D:3      | Gained mutation: Scrolls take you a little longer to read. [Xom's mischief]
  2952 | D:3      | Lost mutation: Your muscles are strong. (Str +2) [Xom's mischief]
  2952 | D:3      | Gained mutation: You occasionally shout uncontrollably at your foes. [Xom's mischief]
  3340 | D:3      | XOM: smoke on damage
  3399 | D:4      | Reached skill level 6 in Stealth
  3430 | D:4      | XOM: stat loss: -1 Int (15/19)
  3494 | D:4      | Noticed an ogre
  3498 | D:4      | XOM: potion effect (brilliance)
  3503 | D:4      | XOM: cast spell 'Olgreb's Toxic Radiance'
  3507 | D:4      | Reached XP level 5. HP: 25/27 MP: 7/7
  3525 | D:4      | XOM: harmless Conj miscast
  3529 | D:4      | Killed an ogre
  3529 | D:4      | Reached skill level 7 in Stealth
  3633 | D:4      | Noticed Grinder
  3955 | D:4      | XOM: divination: detect items
  3965 | D:4      | XOM: noise
  3985 | D:4      | XOM: potion effect (agility)
  3996 | D:3      | HP: 5/27 [gnoll shaman/club (9)]
  4200 | D:2      | XOM: god gift: copper wand {god gift}
  4248 | D:3      | Reached XP level 6. HP: 32/32 MP: 8/8
  4333 | D:4      | Reached skill level 8 in Stealth
  4387 | D:4      | XOM: god gift: 21 stones
  4413 | D:4      | XOM: summons 6 friendly demons
  4413 | D:4      | HP: 6/32 [gnoll (7)]
  4767 | D:4      | XOM: 1-stop teleportation journey
  5060 | D:4      | XOM: scenery: create altars
  5126 | D:4      | XOM: scenery: create altars
  5162 | D:4      | XOM: enchant monster (good)
  5172 | D:4      | Killed Grinder
  5319 | D:4      | Reached XP level 7. HP: 29/36 MP: 9/9
  5488 | D:4      | XOM: god gift: yellow potion {god gift}
  5511 | D:5      | Entered Level 5 of the Dungeon
  5688 | D:5      | XOM: cleaving
  6162 | D:5      | Splashed by a jelly's acid

Vault maps used:
D:1:      lightli_arrival_boilingwater, minmay_three_crescents
D:2:      chequers_ecumenical_altar_simple, minivault_4
D:3:      uniq_jessica
D:4:      uniq_grinder
D:5:      basic_altar, first_bread, minivault_24, uniq_prince_ribbit1

Action                   |  1- 3 |  4- 6 |  7- 9 || total
-------------------------+-------+-------+-------++-------
Melee: Short sword       |   136 |    86 |    63 ||   285
       Kick              |     4 |    18 |    21 ||    43
 Abil: Blink             |       |     2 |       ||     2
  Use: Scroll            |     3 |     4 |       ||     7
       Potion            |     5 |     3 |       ||     8
 Stab: Sleeping          |     5 |     6 |       ||    11
       Confused          |     1 |     2 |       ||     3
       Paralysed         |     1 |       |       ||     1
       Petrified         |       |     3 |       ||     3
       Petrifying        |       |       |     2 ||     2
  Eat: Chunk             |     6 |     6 |     2 ||    14
       Fruit             |       |       |     2 ||     2
Armor: Leather armour    |    20 |       |       ||    20
       Robe              |     8 |    12 |     8 ||    28
       Skin              |    18 |       |       ||    18
Dodge: Dodged            |    88 |    51 |    24 ||   163
